3342 views
Uploaded 2020-04-27 22:22:11
Game version 1.32.3
29:45 long 1on1 ladder game on (2)Amazonia
Saved by BEARAND
3342 views
Uploaded 2020-04-27 22:22:11
Game version 1.32.3
29:45 long 1on1 ladder game on (2)Amazonia

23 units @ 2.2k
/ 0.1k
86 buildings @ 4.3k
/ 2.4k



| Scroll of Regeneration | 5 | 500 |
| Potion of Healing | 8 | 1200 |
| Potion of Mana | 3 | 600 |
| Staff of Sanctuary | 3 | 750 |
| Orb of Fire | 2 | 650 |
| Boots of Speed | 3 | 750 |
| Staff of Teleportation | 3 | 450 |
| total: | 27 | 4900g |
| Peasant | 18 | 1350 | / | 0 |
| Priest | 2 | 270 | / | 20 |
| Dragonhawk Rider | 2 | 400 | / | 60 |
| Sorceress | 1 | 155 | / | 20 |
| total: | 23 | 2175g | / | 100w |
| Scout Tower | 70 | 2100 | / | 1400 |
| Arcane Tower | 7 | 490 | / | 350 |
| Guard Tower | 34 | 2380 | / | 1700 |
| Altar of Kings | 1 | 180 | / | 50 |
| Farm | 5 | 400 | / | 100 |
| Lumber Mill | 2 | 240 | / | 0 |
| Arcane Vault | 2 | 260 | / | 60 |
| Town Hall | 1 | 385 | / | 205 |
| Blacksmith | 1 | 140 | / | 60 |
| Barracks | 1 | 160 | / | 60 |
| Arcane Sanctum | 1 | 150 | / | 140 |
| Gryphon Aviary | 2 | 280 | / | 300 |
| Keep | 1 | 320 | / | 210 |
| Castle | 1 | 360 | / | 210 |
| total: | 86 | 4295g | / | 2375w |
| 0:01 | Peasant |
| 0:01 | Peasant |
| 0:02 | Peasant |
| 0:09 | Altar of Kings |
| 0:13 | Peasant |
| 0:18 | Farm |
| 0:22 | Peasant |
| 0:23 | Scout Tower |
| 0:28 | Lumber Mill |
| 0:31 | Peasant |
| 0:49 | Peasant |
| 1:11 | Peasant |
| 1:18 | Farm |
| 1:20 | Arcane Vault |
| 1:23 | Scout Tower |
| 1:23 | Peasant |
| 1:41 | Arcane Tower |
| 1:42 | Peasant |
| 1:49 | Peasant |
| 1:54 | Peasant |
| 2:06 | Blizzard |
| 2:10 | Guard Tower |
| 2:11 | Peasant |
| 2:11 | Peasant |
| 2:46 | Brilliance Aura |
| 2:50 | Peasant |
| 2:51 | Peasant |
| 2:51 | Peasant |
| 3:08 | Scout Tower |
| 3:10 | Scout Tower |
| 3:14 | Scout Tower |
| 3:15 | Scout Tower |
| 3:22 | Scout Tower |
| 3:36 | Peasant |
| 3:40 | Boots of Speed |
| 3:40 | Staff of Teleportation |
| 4:16 | Keep |
| 4:17 | Guard Tower |
| 4:18 | Guard Tower |
| 4:20 | Scroll of Regeneration |
| 4:21 | Scroll of Regeneration |
| 4:37 | Farm |
| 4:37 | Farm |
| 5:20 | Scout Tower |
| 5:20 | Scout Tower |
| 5:21 | Scout Tower |
| 5:21 | Scout Tower |
| 5:24 | Blizzard |
| 6:53 | Arcane Sanctum |
| 6:55 | Guard Tower |
| 6:57 | Scroll of Regeneration |
| 7:25 | Guard Tower |
| 7:40 | Guard Tower |
| 7:45 | Storm Bolt |
| 7:51 | Potion of Healing |
| 7:51 | Potion of Healing |
| 7:53 | Potion of Healing |
| 7:53 | Potion of Mana |
| 7:59 | Castle |
| 8:46 | Town Hall |
| 9:11 | Bash |
| 9:20 | Guard Tower |
| 9:21 | Improved Masonry |
| 9:22 | Improved Lumber Harvesting |
| 9:33 | Scout Tower |
| 9:34 | Scout Tower |
| 9:34 | Scout Tower |
| 9:35 | Scout Tower |
| 9:35 | Scout Tower |
| 9:36 | Scout Tower |
| 9:36 | Scout Tower |
| 9:37 | Scout Tower |
| 9:37 | Scout Tower |
| 9:38 | Scout Tower |
| 9:38 | Scout Tower |
| 9:39 | Scout Tower |
| 9:40 | Scout Tower |
| 9:40 | Scout Tower |
| 9:41 | Scout Tower |
| 9:42 | Scout Tower |
| 9:52 | Scroll of Regeneration |
| 10:02 | Potion of Healing |
| 10:05 | Scroll of Regeneration |
| 10:08 | Guard Tower |
| 10:09 | Guard Tower |
| 10:10 | Scout Tower |
| 10:10 | Scout Tower |
| 10:11 | Scout Tower |
| 10:27 | Advanced Masonry |
| 10:30 | Scout Tower |
| 10:30 | Scout Tower |
| 10:31 | Scout Tower |
| 10:32 | Scout Tower |
| 10:32 | Scout Tower |
| 10:33 | Scout Tower |
| 10:33 | Scout Tower |
| 11:00 | Guard Tower |
| 11:00 | Guard Tower |
| 11:14 | Priest |
| 11:15 | Magic Sentry |
| 11:23 | Brilliance Aura |
| 11:29 | Guard Tower |
| 11:40 | Staff of Sanctuary |
| 11:52 | Arcane Vault |
| 11:53 | Guard Tower |
| 11:55 | Scout Tower |
| 11:59 | Scout Tower |
| 11:59 | Scout Tower |
| 12:04 | Priest |
| 12:10 | Potion of Healing |
| 12:22 | Holy Light |
| 12:40 | Boots of Speed |
| 12:40 | Staff of Teleportation |
| 12:51 | Boots of Speed |
| 13:04 | Storm Bolt |
| 13:09 | Guard Tower |
| 13:10 | Guard Tower |
| 13:12 | Scout Tower |
| 13:12 | Scout Tower |
| 13:12 | Scout Tower |
| 13:15 | Gryphon Aviary |
| 13:16 | Gryphon Aviary |
| 13:17 | Blacksmith |
| 13:20 | Barracks |
| 14:36 | Imbued Masonry |
| 14:41 | Dragonhawk Rider |
| 14:46 | Priest Adept Training |
| 14:46 | Sorceress Adept Training |
| 14:46 | Sorceress |
| 14:48 | Sorceress Master Training |
| 14:51 | Guard Tower |
| 14:52 | Guard Tower |
| 14:54 | Scout Tower |
| 14:55 | Scout Tower |
| 14:55 | Scout Tower |
| 14:55 | Scout Tower |
| 14:56 | Scout Tower |
| 14:56 | Scout Tower |
| 15:14 | Divine Shield |
| 15:26 | Staff of Teleportation |
| 15:35 | Staff of Sanctuary |
| 15:43 | Orb of Fire |
| 16:05 | Guard Tower |
| 16:12 | Dragonhawk Rider |
| 16:14 | Farm |
| 16:20 | Potion of Healing |
| 16:20 | Potion of Healing |
| 16:20 | Potion of Mana |
| 17:41 | Holy Light |
| 17:47 | Guard Tower |
| 17:56 | Iron Forged Swords |
| 17:56 | Studded Leather Armor |
| 17:58 | Guard Tower |
| 18:01 | Scout Tower |
| 18:01 | Scout Tower |
| 18:01 | Scout Tower |
| 18:02 | Scout Tower |
| 18:09 | Orb of Fire |
| 18:09 | Staff of Sanctuary |
| 18:35 | Potion of Mana |
| 18:43 | Potion of Healing |
| 19:57 | Bash |
| 20:04 | Guard Tower |
| 20:05 | Scout Tower |
| 20:06 | Scout Tower |
| 20:06 | Scout Tower |
| 20:07 | Scout Tower |
| 20:07 | Scout Tower |
| 20:08 | Scout Tower |
| 20:08 | Scout Tower |
| 20:08 | Scout Tower |
| 20:39 | Arcane Tower |
| 21:48 | Blizzard |
| 22:20 | Arcane Tower |
| 22:20 | Arcane Tower |
| 22:20 | Arcane Tower |
| 22:54 | Divine Shield |
| 24:27 | Arcane Tower |
| 24:35 | Scout Tower |
| 24:36 | Scout Tower |
| 24:36 | Scout Tower |
| 24:37 | Scout Tower |
| 24:37 | Scout Tower |
| 24:37 | Scout Tower |
| 24:38 | Scout Tower |
| 24:39 | Scout Tower |
| 25:45 | Guard Tower |
| 25:53 | Storm Bolt |
| 26:14 | Guard Tower |
| 26:48 | Guard Tower |
| 26:58 | Guard Tower |
| 27:25 | Holy Light |
| 27:45 | Guard Tower |
| 28:08 | Guard Tower |
| 28:11 | Scout Tower |
| 28:37 | Guard Tower |
| 28:51 | Lumber Mill |
| 29:02 | Cloud |
| 29:02 | Storm Hammers |
| 29:03 | Steel Forged Swords |
| 29:03 | Reinforced Leather Armor |
| 29:04 | Animal War Training |
| Right click | 2419 |
| Select | 765 |
| Select group | 325 |
| Build/train/purchase | 209 |
| Chat | 155 |
| Use ability | 114 |
| Misc. action | 29 |
| Assign group | 19 |
| Item give/drop | 15 |
| Remove unit | 1 |
/ 0.6k
41 buildings @ 2.6k
/ 1.3k


| Peasant | 19 | 1425 | / | 0 |
| Footman | 34 | 4590 | / | 0 |
| Rifleman | 6 | 1230 | / | 180 |
| Gryphon Rider | 2 | 560 | / | 140 |
| Flying Machine | 10 | 1000 | / | 300 |
| total: | 71 | 8805g | / | 620w |
| Scout Tower | 27 | 810 | / | 540 |
| Guard Tower | 16 | 1120 | / | 800 |
| Altar of Kings | 1 | 180 | / | 50 |
| Barracks | 1 | 160 | / | 60 |
| Farm | 7 | 560 | / | 140 |
| Lumber Mill | 1 | 120 | / | 0 |
| Blacksmith | 1 | 140 | / | 60 |
| Town Hall | 1 | 385 | / | 205 |
| Cannon Tower | 3 | 360 | / | 300 |
| Gryphon Aviary | 1 | 140 | / | 150 |
| Workshop | 1 | 140 | / | 140 |
| Keep | 1 | 320 | / | 210 |
| Castle | 1 | 360 | / | 210 |
| total: | 41 | 2635g | / | 1345w |
| 0:06 | Peasant |
| 0:06 | Peasant |
| 0:09 | Altar of Kings |
| 0:22 | Peasant |
| 0:24 | Barracks |
| 0:30 | Peasant |
| 0:34 | Peasant |
| 0:55 | Farm |
| 1:21 | Lumber Mill |
| 1:38 | Footman |
| 1:48 | Farm |
| 1:52 | Peasant |
| 2:18 | Scout Tower |
| 2:29 | Farm |
| 2:34 | Improved Masonry |
| 2:40 | Divine Shield |
| 2:46 | Footman |
| 2:53 | Scout Tower |
| 2:54 | Guard Tower |
| 3:17 | Blacksmith |
| 3:23 | Footman |
| 3:26 | Scout Tower |
| 3:29 | Guard Tower |
| 3:38 | Footman |
| 4:13 | Peasant |
| 4:13 | Peasant |
| 4:58 | Farm |
| 5:11 | Footman |
| 5:45 | Scout Tower |
| 5:47 | Guard Tower |
| 6:50 | Scout Tower |
| 7:16 | Scout Tower |
| 7:18 | Guard Tower |
| 7:27 | Scout Tower |
| 7:32 | Keep |
| 7:43 | Footman |
| 7:44 | Footman |
| 7:59 | Scout Tower |
| 8:02 | Guard Tower |
| 8:05 | Guard Tower |
| 8:09 | Scout Tower |
| 8:40 | Iron Forged Swords |
| 9:18 | Defend |
| 9:45 | Devotion Aura |
| 9:53 | Iron Plating |
| 10:00 | Guard Tower |
| 10:17 | Rifleman |
| 10:19 | Rifleman |
| 10:20 | Footman |
| 10:40 | Peasant |
| 10:46 | Black Gunpowder |
| 10:49 | Footman |
| 11:04 | Improved Lumber Harvesting |
| 11:36 | Devotion Aura |
| 11:44 | Town Hall |
| 11:51 | Peasant |
| 12:00 | Guard Tower |
| 12:25 | Scout Tower |
| 12:59 | Scout Tower |
| 13:03 | Guard Tower |
| 13:08 | Rifleman |
| 13:11 | Long Rifles |
| 14:06 | Scout Tower |
| 14:12 | Footman |
| 14:12 | Footman |
| 14:13 | Footman |
| 14:17 | Steel Forged Swords |
| 14:44 | Scout Tower |
| 14:45 | Guard Tower |
| 14:48 | Guard Tower |
| 14:52 | Peasant |
| 14:59 | Peasant |
| 15:08 | Peasant |
| 15:15 | Scout Tower |
| 15:31 | Studded Leather Armor |
| 15:33 | Footman |
| 15:43 | Scout Tower |
| 15:46 | Guard Tower |
| 15:51 | Peasant |
| 15:53 | Peasant |
| 15:55 | Peasant |
| 16:02 | Guard Tower |
| 16:08 | Scout Tower |
| 16:09 | Footman |
| 16:22 | Scout Tower |
| 16:34 | Rifleman |
| 16:36 | Rifleman |
| 16:57 | Gryphon Aviary |
| 17:02 | Scout Tower |
| 17:07 | Peasant |
| 17:08 | Peasant |
| 17:33 | Footman |
| 17:38 | Farm |
| 17:44 | Scout Tower |
| 17:47 | Guard Tower |
| 17:49 | Guard Tower |
| 18:57 | Scout Tower |
| 19:04 | Footman |
| 19:09 | Farm |
| 19:12 | Scout Tower |
| 19:25 | Castle |
| 19:31 | Rifleman |
| 19:40 | Scout Tower |
| 19:43 | Guard Tower |
| 20:08 | Farm |
| 20:22 | Workshop |
| 20:28 | Refined Gunpowder |
| 20:30 | Steel Plating |
| 20:32 | Footman |
| 20:32 | Footman |
| 20:32 | Footman |
| 20:33 | Footman |
| 21:26 | Footman |
| 21:27 | Footman |
| 21:27 | Footman |
| 21:55 | Scout Tower |
| 22:09 | Cannon Tower |
| 22:34 | Footman |
| 22:34 | Footman |
| 22:34 | Footman |
| 22:36 | Gryphon Rider |
| 22:37 | Gryphon Rider |
| 22:38 | Storm Hammers |
| 22:44 | Cannon Tower |
| 22:45 | Scout Tower |
| 23:01 | Animal War Training |
| 23:13 | Peasant |
| 23:28 | Flying Machine |
| 23:29 | Flying Machine |
| 23:31 | Flying Machine Bombs |
| 24:01 | Scout Tower |
| 24:03 | Cannon Tower |
| 24:33 | Flying Machine |
| 24:35 | Footman |
| 24:35 | Footman |
| 24:44 | Siphon Mana |
| 24:54 | Flying Machine |
| 24:56 | Flying Machine |
| 25:19 | Scout Tower |
| 25:48 | Flying Machine |
| 26:10 | Flying Machine |
| 26:10 | Flak Cannons |
| 26:37 | Footman |
| 26:37 | Footman |
| 26:37 | Footman |
| 26:37 | Footman |
| 26:37 | Footman |
| 26:48 | Flying Machine |
| 27:07 | Flying Machine |
| 27:11 | Scout Tower |
| 27:22 | Flying Machine |
| 27:26 | Footman |
| Select | 372 |
| Right click | 238 |
| Build/train/purchase | 133 |
| Misc. action | 45 |
| Chat | 10 |
| Use ability | 4 |